 Dungeon Crawl Stone Soup version 0.24.0-123-gd5b16e6ec5 (webtiles) character file.

Game seed: 12479850111781949227, levelgen mode: deterministic

8630 Goreval the Grappler (level 11, -4/111 HPs)
             Began as a Yellow Draconian Transmuter on Jan 14, 2020.
             Was a Follower of Okawaru.
             Slain by Grum
             ... wielding a -1 spear
              (8 damage)
             ... on level 10 of the Dungeon.
             The game lasted 00:42:45 (14962 turns).

Goreval the Grappler (Yellow Draconian Transmuter) Turns: 14962, Time: 00:42:45

Health: -4/111     AC:  8    Str: 13    XL:     11   Next: 12%
Magic:  9/17       EV:  9    Int: 24    God:    Okawaru [*.....]
Gold:   611        SH:  0    Dex: 11    Spells: 2/19 levels left

rFire    . . .     SeeInvis .     - Unarmed
rCold    . . .     Gourm    .   (shield currently unavailable)
rNeg     . . .     Faith    .   (armour unavailable)
rPois    +         Spirit   .   (helmet currently unavailable)
rElec    .         Reflect  .   (cloak currently unavailable)
rCorr    .         Harm     .   (gloves currently unavailable)
MR       .....                  (boots currently unavailable)
Stlth    +.........             (no amulet)
HPRegen  0.28/turn              r - +4 ring of intelligence
MPRegen  0.15/turn              v - +3 ring of intelligence

@: hydra-form, very slightly contaminated
A: very large, (spit acid), unfitting armour, AC +7
a: End Transformation, Heroism, Renounce Religion


You were on level 10 of the Dungeon.
You worshipped Okawaru.
Okawaru was aware of your devotion.
You were not hungry.
You were a six-headed hydra.
You visited 2 branches of the dungeon, and saw 12 of its levels.
You also visited: Trove and Sewer.

You collected 611 gold pieces.

Inventory:

Hand Weapons
 x - the +2 long sword "Pudwuz" {slice, rElec rPois}
   (You found it on level 9 of the Dungeon)

   It inflicts extra damage upon your enemies.
   It insulates you from electricity.
   It protects you from poison.
Missiles
 a - 167 arrows
 f - 299 stones (quivered)
Armour
 k - a +1 cloak of poison resistance (melded)
 B - a +1 pair of gloves of strength (melded)
Jewellery
 h - an uncursed ring of poison resistance
 r - a +4 ring of intelligence (left foreclaw)
 v - a +3 ring of intelligence (right foreclaw)
Wands
 C - a wand of disintegration (24)
 G - a wand of enslavement (9)
 J - a wand of iceblast (11)
 K - a wand of acid (13)
Scrolls
 d - 3 scrolls of amnesia
 i - 2 scrolls of holy word {unknown}
 m - a scroll of noise {unknown}
 o - 2 scrolls of fog {unknown}
 p - 7 scrolls of remove curse
 s - 14 scrolls of identify {unknown}
 w - a scroll of magic mapping
 y - a scroll of blinking {unknown}
 z - 3 scrolls of immolation {unknown}
 A - 4 scrolls of teleportation {unknown}
 E - a scroll of torment {unknown}
 F - a scroll of enchant armour
 H - a scroll of brand weapon {unknown}
Potions
 b - a potion of ambrosia {unknown}
 j - a potion of mutation {unknown}
 l - 4 potions of magic {unknown}
 n - 5 potions of brilliance {unknown}
 q - 2 potions of berserk rage {unknown}
 t - 2 potions of agility {unknown}
 u - a potion of lignification {unknown}
 D - a potion of might {unknown}
 L - a potion of heal wounds {unknown}
Comestibles
 c - 14 rations


   Skills:
 + Level 5.0 Fighting
 + Level 3.9 Dodging
 * Level 11.8 Unarmed Combat
 + Level 4.5 Spellcasting
 - Level 10.5 Transmutations


You had 2 spell levels left.
You knew the following spells:

 Your Spells              Type           Power        Failure   Level  Hunger
a - Beastly Appendage     Tmut           ######       1%          1    None
b - Spider Form           Tmut/Pois      ####......   3%          3    ##.....
c - Blade Hands           Tmut           ######....   3%          5    #####..
d - Hydra Form            Tmut           ######....   19%         6    #######
z - Sticks to Snakes      Tmut           ######..     1%          2    None

Your spell library contained the following spells:

 Spells                   Type           Power        Failure   Level  Hunger
 Animate Skeleton         Necr           N/A          10%         1    None
 Magic Dart               Conj           #...         10%         1    None
 Summon Butterflies       Summ           #.......     10%         1    None
 Call Imp                 Summ           #.......     14%         2    None
 Corpse Rot               Necr           N/A          14%         2    None
 Ensorcelled Hibernation  Hex/Ice        #.....       14%         2    None
 Poisonous Vapours        Pois/Air       #.....       14%         2    None
 Searing Ray              Conj           #.....       14%         2    None
 Swiftness                Chrm/Air       #.......     14%         2    None
 Ice Form                 Ice/Tmut       ####....     11%         4    ####...
 Petrify                  Tmut/Erth      ####....     11%         4    ####...
 Conjure Flame            Conj/Fire      #.......     28%         3    ##.....
 Dazzling Spray           Conj/Hex       #.....       28%         3    ##.....
 Lesser Beckoning         Tloc           #.........   28%         3    ##.....
 Mephitic Cloud           Conj/Pois/Air  #.......     28%         3    ##.....
 Portal Projectile        Hex/Tloc       #.....       28%         3    ##.....
 Recall                   Summ/Tloc      N/A          28%         3    ##.....
 Stone Arrow              Conj/Erth      #.....       28%         3    ##.....
 Summon Guardian Golem    Hex/Summ       #.......     28%         3    ##.....
 Vampiric Draining        Necr           #.........   28%         3    ##.....
 Alistair's Intoxication  Tmut/Pois      ####....     28%         5    #####..
 Force Lance              Conj/Tloc      #.......     67%         4    ####...
 Fulminant Prism          Conj/Hex       #.........   67%         4    ####...
 Iskenderun's Mystic Bla  Conj           #.......     67%         4    ####...
 Leda's Liquefaction      Hex/Erth       #.........   67%         4    ####...
 Agony                    Necr           #.......     95%         5    #####..
 Aura of Abjuration       Summ           #.........   95%         5    #####..
 Summon Demon             Summ           #.........   95%         5    #####..
 Summon Forest            Summ/Tloc      #.........   95%         5    #####..
 Summon Mana Viper        Hex/Summ       #.......     95%         5    #####..
 Shadow Creatures         Summ           N/A          100%        6    #######
 Simulacrum               Ice/Necr       #.........   100%        6    #######
 Malign Gateway           Summ/Tloc      #.........   100%        7    #######
 Summon Hydra             Summ           #.........   100%        7    #######


Dungeon Overview and Level Annotations

Branches:
Dungeon (11/15)            Temple (1/1) D:7            Lair (0/6) D:9
  Sewer (visited)
    Orc: D:9-12

Altars:
Ashenzari
Cheibriados
Gozag
Hepliaklqana
Kikubaaqudgha
Makhleb
Nemelex Xobeh
Okawaru
Sif Muna
Trog
Wu Jian
Xom
Yredelemnul
Zin

Shops:
D:6 (   D:8 *

Annotations:
D:10 Grum


Innate Abilities, Weirdness & Mutations

((You can spit globs of acid.))
((Your golden yellow scales are hard. (AC +7)))
You cannot fit into any form of body armour.
((You are cold-blooded and may be slowed by cold attacks.))
((You are resistant to acid. (rCorr)))


Message History

Grum hits you with a -1 spear!!
* * * LOW HITPOINT WARNING * * *
Okay, then.
Okay, then.
Here: Grum, wielding a -1 spear and wearing a +0 animal skin (heavily wounded, fast)
The floor, spattered with blood.
Okay, then.
Okay, then.
Okay, then.
Unknown command.
You feel better. Grum hits you with a -1 spear!
* * * LOW HITPOINT WARNING * * *
Okay, then.
Okay, then.
Okay, then.
Okay, then.
Aim: Grum, wielding a -1 spear and wearing a +0 animal skin (heavily wounded, fast, chance to defeat MR: 54%) Grum resists with significant effort.
Grum closely misses you. Grum hits you with a -1 spear!
You die...

##≈≈≈≈≈≈≈#.....#.# #.....# ##.
###≈≈≈≈≈≈#.....#.# #.....#####..
..##≈≈≈≈≈≈.....#.# #........##..
#.##≈≈≈≈≈≈[......####........##..
#.#≈≈≈≈≈≈≈[..................##..
#.#≈≈≈≈≈≈[...................####
..##≈≈≈≈≈≈......[............#
#####≈≈≈≈≈.......g...##......####
##≈≈≈#......D....'...........
##≈##...........###########.
####...........# #.......#.
#...........# #.#####.#.
#...........# #.# #.#.
############# #.# #.#. #.# #.#.
#.#####.#. #.........


You could see Grum.

Vanquished Creatures
  Josephine (D:11)
  A two-headed ogre (D:11)
  Pikel (D:5)
  Maurice (D:11)
  A merfolk (D:9)
  A hornet (D:11)
  Sigmund (D:3)
  A wraith (D:11)
  A wyvern (D:11)
  A hungry ghost (D:9)
  Purgy (Sewer)
  2 water moccasins
  A slave (D:5)
  2 orc warriors (D:9)
  4 black bears
  A sky beast (D:6)
  A necrophage (D:10)
  6 ogres
  2 phantoms
  3 centaurs
  A wolf (D:11)
  6 bullfrogs
  2 gnoll sergeants
  5 scorpions
  9 wights
  2 electric eels (D:10)
  A centaur zombie (D:10)
  7 howler monkeys
  A bullfrog zombie (D:9)
  4 crimson imps
  6 jellies
  4 orc priests
  5 centaur skeletons
  A hound (D:7)
  7 orc wizards
  Terence (D:3)
  A bullfrog skeleton (D:6)
  2 worker ants
  Natasha (twice) (D:3)
  4 iguanas
  A killer bee zombie (D:6)
  2 hound skeletons
  22 gnolls
  14 adders
  3 shadow imps
  2 oozes
  4 worms
  4 leopard geckos
  34 orcs
  17 bats
  2 giant cockroaches
  10 goblins
  4 hobgoblins
  5 jackals
  7 quokkas
  8 frilled lizards
  7 kobolds
  A leopard gecko zombie (D:6)
  A quokka skeleton (D:7)
  2 quokka zombies
  10 rats
264 creatures vanquished.

Vanquished Creatures (others)
  An orc wizard (D:7)
  2 leopard geckos (D:5)
  An orc (D:11)
  3 giant cockroaches (D:5)
  A fungus (D:9)
8 creatures vanquished.

Grand Total: 272 creatures vanquished

Notes
Turn   | Place    | Note
-------+----------+-------------------------------------------
     0 | D:1      | Goreval the Draconian Transmuter began the quest for the
                  | Orb.
     0 | D:1      | Reached XP level 1. HP: 16/16 MP: 3/3
   203 | D:1      | Reached XP level 2. HP: 18/23 MP: 5/5
   226 | D:1      | Learned a level 2 spell: Sticks to Snakes
   658 | D:1      | You fall into a shaft and drop 1 floor!
  1355 | D:2      | Reached XP level 3. HP: 21/29 MP: 4/6
  1361 | D:2      | Learned a level 3 spell: Spider Form
  1641 | D:2      | Reached XP level 4. HP: 31/36 MP: 7/7
  1849 | D:2      | Reached skill level 4 in Unarmed Combat
  2494 | D:3      | Noticed Terence
  2507 | D:3      | Killed Terence
  2507 | D:3      | Reached XP level 5. HP: 35/42 MP: 0/8
  2883 | D:3      | Noticed Natasha
  2891 | D:3      | Killed Natasha
  2977 | D:3      | Noticed Sigmund
  3168 | D:3      | Reached XP level 6. HP: 18/50 MP: 0/9
  4281 | D:3      | Noticed Natasha
  4290 | D:3      | Killed Natasha
  4375 | D:3      | Killed Sigmund
  4375 | D:3      | Reached skill level 5 in Unarmed Combat
  4491 | D:4      | Reached skill level 5 in Transmutations
  4491 | D:4      | Your scales start taking on a golden yellow colour.
  4491 | D:4      | Reached XP level 7. HP: 52/57 MP: 10/10
  4491 | D:4      | Gained mutation: You are resistant to acid. (rCorr) [Yellow
                  | Draconian growth]
  4826 | D:4      | Reached skill level 6 in Unarmed Combat
  5638 | D:5      | Entered Level 5 of the Dungeon
  5670 | D:5      | Found a sparkling altar of Nemelex Xobeh.
  5994 | D:5      | Noticed Pikel
  6035 | D:5      | Killed Pikel
  6035 | D:5      | Reached skill level 7 in Unarmed Combat
  6035 | D:5      | Reached XP level 8. HP: 63/63 MP: 8/12
  6046 | D:5      | Learned a level 5 spell: Blade Hands
  6350 | D:5      | Found a glowing drain.
  6361 | Sewer    | Entered a sewer
  6399 | Sewer    | Noticed Purgy
  6412 | Sewer    | Killed Purgy
  6772 | D:6      | Reached skill level 8 in Unarmed Combat
  7199 | D:6      | Reached XP level 9. HP: 36/69 MP: 10/13
  7496 | D:6      | Found an ancient bone altar of Kikubaaqudgha.
  7578 | D:6      | Found Googomul's Antique Weapon Shop.
  8314 | D:7      | Reached skill level 9 in Unarmed Combat
  8774 | D:7      | HP: 2/69 [gnoll/+0 spear (4)]
  9541 | D:7      | Found a staircase to the Ecumenical Temple.
  9550 | Temple   | Entered the Ecumenical Temple
  9600 | Temple   | Became a worshipper of Warmaster Okawaru
  9675 | D:7      | Found a shimmering altar of Xom.
 10132 | D:8      | Found Jenahi's Elemental Accessories.
 10330 | D:8      | Reached skill level 10 in Unarmed Combat
 10385 | D:8      | Reached * piety under Okawaru
 10859 | D:9      | Reached skill level 10 in Transmutations
 10882 | D:9      | Got a polished long sword
 10909 | D:9      | Identified the +2 long sword "Pudwuz" {slice, rElec rPois}
                  | (You found it on level 9 of the Dungeon)
 11013 | D:9      | Reached XP level 10. HP: 57/77 MP: 9/14
 11372 | D:9      | Reached ** piety under Okawaru
 11411 | D:9      | Found a staircase to the Lair.
 12113 | D:10     | Entered Level 10 of the Dungeon
 12805 | D:10     | Reached skill level 11 in Unarmed Combat
 12995 | D:10     | Found a portal to a secret trove of treasure.
 13097 | Trove    | Entered a treasure trove
 13132 | Trove    | Identified the Reference Book on the Supportive Voyage
 13141 | Trove    | Identified Sif Muna's Compendium of Black Rituals and
                  | Changing
 13151 | Trove    | Identified the Handbook of Gliding Orientation
 13154 | Trove    | Identified Sif Muna's Tome of Calling
 13157 | Trove    | Identified Sif Muna's Grimoire of Icy Conjuration
 13737 | D:11     | Noticed a two-headed ogre
 13745 | D:11     | Killed a two-headed ogre
 14182 | D:11     | Noticed Maurice
 14208 | D:11     | Killed Maurice
 14208 | D:11     | Reached XP level 11. HP: 13/85 MP: 11/17
 14514 | D:11     | Learned a level 6 spell: Hydra Form
 14931 | D:11     | Noticed Josephine
 14931 | D:11     | Noticed Grum
 14941 | D:11     | Killed Josephine
 14941 | D:11     | Reached skill level 5 in Fighting
 14961 | D:10     | HP: 4/111 [Grum/-1 spear (13)]
 14962 | D:10     | Slain by Grum

Levels and vault maps discovered:
D:1:      matt_arrival_grand_opening, layout_basic,
          kennysheep_decorative_pillar, minmay_bisected
D:2:      layout_basic, minmay_nonomino_d4
D:3:      minmay_chambers_of_threes, layout_basic, uniq_natasha, uniq_terence,
          uniq_sigmund
D:4:      layout_basic
D:5:      layout_loops_ring, basic_altar, portal_sewer_entry_f, first_ration,
          uniq_pikel
D:6:      layout_rooms, kiku_gazebo_pond_becter, serial_shops,
          nicolae_shop_behind_doors
D:7:      layout_rooms, minmay_temple_entry_waves, basic_altar
D:8:      layout_loops_cross, nicolae_elemental_shop
D:9:      layout_big_octagon, grunt_lair_entry_orc_guard_hut,
          hangedman_fish_farm
D:10:     layout_basic, enter_trove_3
D:11:     layout_basic, basic_altar, uniq_josephine, uniq_maurice, uniq_grum
Temple:   compressed_dpeg_triangle_lava_temple

Skill      XL: |  1  2  3  4  5  6  7  8  9 10 11 |
---------------+----------------------------------+-----
Fighting       | 2 3 4 5 |  5.0
Transmutations | 3 4 5 7 8 10 | 10.5
Dodging        | 2 3 |  3.9
Unarmed Combat | 4 5 7 8 10 11 | 11.8
Spellcasting   | 3 4 |  4.5

Action                   |  1- 3 |  4- 6 |  7- 9 | 10-12 || total
-------------------------+-------+-------+-------+-------++-------
Melee: Unarmed           |   112 |   216 |   429 |   170 ||   927
       Kick              |     5 |     9 |       |       ||    14
       Tailslap          |     7 |    22 |    32 |    17 ||    78
       Headbutt          |     2 |     4 |       |       ||     6
       Punch             |     1 |     1 |     7 |     7 ||    16
Throw: Stone             |    25 |    48 |     4 |       ||    77
 Cast: Beastly Appendage |     7 |     7 |       |       ||    14
       Sticks to Snakes  |       |     2 |       |       ||     2
       Spider Form       |       |     2 |    21 |       ||    23
       Blade Hands       |       |       |    15 |    20 ||    35
       Hydra Form        |       |       |       |     1 ||     1
Invok: Heroism           |       |       |       |     1 ||     1
 Abil: Breathe Acid      |       |       |       |     1 ||     1
Evoke: Wand              |       |     1 |       |     1 ||     2
  Use: Potion            |       |     3 |     1 |     2 ||     6
       Scroll            |       |       |     4 |       ||     4
 Stab: Sleeping          |       |       |     3 |       ||     3
  Eat: Chunk             |     2 |     7 |    17 |    16 ||    42
       Ration            |       |     1 |     3 |     2 ||     6
Armor: Skin              |    27 |    70 |    91 |    37 ||   225
Dodge: Dodged            |    62 |   134 |   278 |    68 ||   542
